 Dungeon Crawl Stone Soup version 0.26-a0-712-ga5a9c9c9d0 (webtiles) character file.

Game seed: 13186660310608747817

28 kae the Poker (level 3, 0/28 HPs)
             Began as a Merfolk Gladiator on Nov 12, 2020.
             Slain by a frilled lizard (1 damage)
             ... on level 1 of the Dungeon.
             The game lasted 00:00:18 (724 turns).

kae the Poker (Merfolk Gladiator)                    Turns: 724, Time: 00:00:18

Health: 0/28       AC:  4    Str: 15    XL:     3   Next: 14%
Magic:  3/3        EV: 14    Int:  7    God:
Gold:   31         SH:  0    Dex: 15    Spells: 2/2 levels left

rFire    . . .     SeeInvis .   a - +0 trident
rCold    . . .     Faith    .   (no shield)
rNeg     . . .     Spirit   .   b - +0 leather armour
rPois    .         Reflect  .   c - +0 helmet
rElec    .         Harm     .   (no cloak)
rCorr    .         Rampage  .   (no gloves)
MR       .....                  (no boots)
Stlth    +.........             (no amulet)
HPRegen  0.09/turn              (no ring)
MPRegen  0.08/turn              (no ring)

@: lethally poisoned (0 -> -5)
A: change form in water, swift swim, stealthy swim
a: no special abilities


You were on level 1 of the Dungeon.
You visited 1 branch of the dungeon, and saw 2 of its levels.

You collected 31 gold pieces.

Inventory:

Hand Weapons
 a - a +0 trident (weapon)
Missiles
 d - 3 throwing nets (quivered)
Armour
 b - a +0 leather armour (worn)
 c - a +0 helmet (worn)
Jewellery
 e - a cursed ring of teleportation {unknown}
Scrolls
 f - a scroll of remove curse {unknown}


   Skills:
 + Level 2.8 Fighting
 * Level 5.6 Polearms
 - Level 2.0 Throwing
 - Level 4.0 Dodging


You had 2 spell levels left.
You didn't know any spells.
Your spell library was empty.

Dungeon Overview and Level Annotations

Branches:
Dungeon (2/15)

Altars:


Message History

The frilled lizard barely misses you.
You closely miss the adder.
The adder is moderately wounded.
* * * LOW HITPOINT WARNING * * *
You feel sick. The adder bites you.
* * * LOW HITPOINT WARNING * * *
The frilled lizard barely misses you. The adder misses you.
You hit the adder but do no damage.
The adder is moderately wounded.
The adder completely misses you. The frilled lizard bites you.
* * * LOW HITPOINT WARNING * * *
You puncture the adder!
You kill the adder!
You have reached level 3!
Your experience leads to an increase in your attributes!
Increase (S)trength, (I)ntelligence, or (D)exterity?
You feel stronger.
* * * LOW HITPOINT WARNING * * *
You feel sick. The frilled lizard bites you.
You die...

#.###.# #.........>.# ##.# #. #'#
#.# #.########..# #..# #.
#.###.####.########..# #.## #.
#.....)..............# #.# #.
##########.###.....>######.# #.
#.# #.####.##.....# #. #.###.##
#.##.##### #.
#.##...###.##.#########.
#....#.@†...............
#############..l######...########
...............## ###.#
...############# #.# ##.# #.#
##.# #.# #.# #.# #.# #########
#.# #.# #.......# #.#


You could see a frilled lizard.

Vanquished Creatures
  An adder (D:1)
  3 giant cockroaches (D:1)
  6 goblins (D:1)
  2 hobgoblins
  A kobold (D:1)
  2 bats (D:1)
  A frilled lizard (D:1)
  A rat (D:1)
17 creatures vanquished.

Notes
Turn   | Place    | Note
-------+----------+-------------------------------------------
     0 | D:1      | kae the Merfolk Gladiator began the quest for the Orb.
     0 | D:1      | Reached XP level 1. HP: 16/16 MP: 1/1
   111 | D:1      | Reached XP level 2. HP: 22/23 MP: 2/2
   113 | D:1      | Reached skill level 5 in Polearms
   724 | D:1      | Reached XP level 3. HP: 2/28 MP: 3/3
   724 | D:1      | HP: 1/28 [poisoned by an adder]
   724 | D:1      | Slain by a frilled lizard

Illustrated notes

Levels and vault maps discovered:
D:1:      evilmike_arrival_plus, layout_loops_ring
D:2:      layout_rooms, zin_scriptorium, uniq_natasha, uniq_terence

Skill      XL: |  1  2 |
---------------+-------+-----
Polearms       | 5 |  5.6
Fighting       | |  2.8
Throwing       | |  2.0
Dodging        | |  4.0

Action                   || total
-------------------------++-------
Melee: Trident           ||    58
Armor: Leather armour    ||    10
Dodge: Dodged            ||    61

Table legend: (Time is in decaauts)
 A = Elapsed time spent in this place.
 B = Non-inter-level travel time spent in this place.
 C = Inter-level travel time spent in this place.
 D = Time resting spent in this place.
 E = Time spent auto-exploring this place.
 F = Levels seen in this place.
 G = Mean time per level.
                   A        B        C        D        E       F      G
               +--------+--------+--------+--------+--------+-----+--------+
         Total |    727 |    687 |     40 |      0 |    576 |   2 |  363.5 |
       Dungeon |    727 |    687 |     40 |      0 |    576 |   2 |  363.5 |
               +--------+--------+--------+--------+--------+-----+--------+

Top non-repeatable levels by time:
     D:1: 710 daAuts
     D:2: 16 daAuts
